 Dungeon Crawl Stone Soup version 0.29-a0-414-g5075937ec3 (webtiles) character file.

Game seed: 15875091700584041230

25 xian the Insei (level 3, 0/20 HPs)
             Began as a Kobold Transmuter on May 15, 2022.
             Frozen to death by an endoplasm (3 damage)
             ... on level 1 of the Dungeon.
             The game lasted 00:03:10 (1166 turns).

xian the Insei (Kobold Transmuter)                  Turns: 1166, Time: 00:03:11

Health: 0/20       AC:  2    Str:  7    XL:     3   Next: 17%
Magic:  6/6        EV: 15    Int: 16    God:
Gold:   36         SH:  0    Dex: 15    Spells: 5/6 levels left

rFire   . . .      SeeInvis .   c - staff of air
rCold   . . .      Faith    .   (shield currently unavailable)
rNeg    . . .      Spirit   .   a - +0 robe
rPois   .          Reflect  .   (no helmet)
rElec   +          Harm     .   (no cloak)
rCorr   .          Rampage  .   (no gloves)
Will    .....                   (no boots)
Stlth   +++.......              (no amulet)
HPRegen 0.06/turn               g - ring of flight
MPRegen 0.10/turn               (no ring)

@: flying
A: small, no large weapons, nightstalker 3
a: no special abilities


You were on level 1 of the Dungeon.
You visited 1 branch of the dungeon, and saw 1 of its levels.

You collected 36 gold pieces.

Inventory:

Armour
 a - a +0 robe (worn)
Magical Staves
 c - a staff of air (weapon)
Jewellery
 g - a ring of flight (left hand)
Scrolls
 f - a scroll of blinking {unknown}
 h - a scroll of teleportation {unknown}
Potions
 b - a potion of lignification
 d - a potion of curing {unknown}
 e - a potion of invisibility {unknown}
 i - 2 potions of degeneration {unknown}


   Skills:
 + Level 1.2 Fighting
 + Level 0.5 Staves
 + Level 2.8 Dodging
 + Level 0.8 Stealth
 + Level 3.2 Unarmed Combat
 + Level 2.3 Spellcasting
 + Level 2.3 Transmutations


You had 5 spell levels left.
You knew the following spells:

 Your Spells              Type           Power      Damage    Failure   Level
a - Beastly Appendage     Tmut           18%        N/A       8%          1

Your spell library contained the following spells:

 Spells                   Type           Power      Damage    Failure   Level
 Wereblood                Tmut           9%         N/A       12%         2
 Spider Form              Tmut/Pois      5%         N/A       36%         3
 Ice Form                 Ice/Tmut       5%         N/A       77%         4


Dungeon Overview and Level Annotations

Branches:
Dungeon (1/15)

Altars:


Innate Abilities, Weirdness & Mutations

You are small and have problems with some larger weapons.
You are completely attuned to the shadows.


Message History

The helpless endoplasm fails to defend itself.
You hit the endoplasm but do no damage. The endoplasm freezes you.
You are frozen.
You hit the endoplasm.
The endoplasm is lightly wounded.
The endoplasm freezes you.
You are frozen.
You hit the endoplasm.
The endoplasm is heavily wounded.
The endoplasm freezes you.
You are frozen.
You barely miss the endoplasm.
The endoplasm is heavily wounded.
The endoplasm freezes you.
You are frozen.
The endoplasm freezes you.
You are frozen.
You hit the endoplasm but do no damage.
The endoplasm is heavily wounded.
The endoplasm hits you but does no damage.
You hit the endoplasm but do no damage.
The endoplasm is heavily wounded.
The endoplasm closely misses you.
You hit the endoplasm but do no damage.
The endoplasm is heavily wounded.
The endoplasm freezes you.
You are frozen.
* * * LOW HITPOINT WARNING * * *
You hit the endoplasm but do no damage.
The endoplasm is heavily wounded.
The endoplasm freezes you.
You are frozen.
* * * LOW HITPOINT WARNING * * *
Unknown command.
You hit the endoplasm.
The endoplasm is almost dead.
The endoplasm freezes you.
You are frozen.
You die...

#.# #####..................#
#.# #.......###............#
#.# #.......# #............'
#.# #.......# #............#
###.###.......###............#
#.....'.......+....#'#..#.#+##
#######.......######.#.##.#
######+#######.# #.@.......#
#J######### #. #. #.


You could see an endoplasm.

Vanquished Creatures
  2 ball pythons (D:1)
  A bat (D:1)
  2 endoplasms (D:1)
  3 goblins (D:1)
  4 hobgoblins (D:1)
  3 kobolds (D:1)
  2 quokkas (D:1)
  2 rats (D:1)
19 creatures vanquished.

Notes
Turn   | Place    | Note
-------+----------+-------------------------------------------
     0 | D:1      | xian the Kobold Transmuter began the quest for the Orb.
     0 | D:1      | Reached XP level 1. HP: 12/12 MP: 3/3
   315 | D:1      | Reached XP level 2. HP: 11/16 MP: 0/5
   927 | D:1      | Reached XP level 3. HP: 18/20 MP: 4/6
  1166 | D:1      | Frozen to death by an endoplasm

Illustrated notes

Levels and vault maps discovered:
D:1:      wander_arrival_peaceful_grave, layout_basic

Action                   || total
-------------------------++-------
Melee: Staff             ||    79
       Kick              ||     9
       Headbutt          ||     5
 Cast: Beastly Appendage ||     8
 Stab: Sleeping          ||     5
Armor: Robe              ||    11
Dodge: Dodged            ||    72

Table legend: (Time is in decaauts)
 A = Elapsed time spent in this place.
 B = Non-inter-level travel time spent in this place.
 C = Inter-level travel time spent in this place.
 D = Time resting spent in this place.
 E = Time spent auto-exploring this place.
 F = Levels seen in this place.
 G = Mean time per level.
                   A        B        C        D        E       F      G
               +--------+--------+--------+--------+--------+-----+--------+
         Total |   1179 |   1179 |      0 |    237 |    709 |   1 | 1179.0 |
       Dungeon |   1179 |   1179 |      0 |    237 |    709 |   1 | 1179.0 |
               +--------+--------+--------+--------+--------+-----+--------+

Top non-repeatable levels by time:
     D:1: 1179 daAuts
